 Dungeon Crawl Stone Soup version 0.31-a0-818-ge7c7cf74f0 (webtiles) character file.

Game seed: 3986994036989708011

8 Essalna the Conjurer (level 2, 19/19 HPs)
             Began as a Demonspawn Conjurer on Sept 23, 2023.
             Got out of the dungeon alive.
             The game lasted 00:01:07 (482 turns).

Essalna the Conjurer (Demonspawn Conjurer)           Turns: 482, Time: 00:01:07

Health: 19/19      AC:  2    Str:  7    XL:     2   Next: 0%
Magic:  5/5        EV: 12    Int: 19    God:
Gold:   18         SH:  0    Dex: 11    Spells: 4/5 levels left

rFire   . . .        c - +0 short sword
rCold   . . .        (no shield)
rNeg    . . .        a - +0 robe
rPois   .            (no helmet)
rElec   .            (no cloak)
rCorr   .            (no gloves)
SInv    .            (no boots)
Will    .....        (no amulet)
Stlth   ++           (no ring)
HPRegen 0.23/turn    (no ring)
MPRegen 0.09/turn

%: no passive effects
@: no status effects
A: weakness stinger 1
a: no special abilities


You escaped.
You visited 1 branch of the dungeon, and saw 1 of its levels.

You collected 18 gold pieces.

Inventory:

Hand Weapons
 c - a +0 short sword (weapon)
Armour
 a - a +0 robe (worn)
Scrolls
 d - a scroll of enchant armour {unknown}
Potions
 b - a potion of magic
 e - a potion of curing {unknown}


   Skills:
 - Level 1.7 Dodging
 - Level 1.7 Stealth
 + Level 2.3 Spellcasting
 + Level 4.2 Conjurations


You had 4 spell levels left.
You knew the following spells:

 Your Spells              Type           Power      Damage    Failure   Level
a - Magic Dart            Conj           72%        1d6       3%          1

Your spell library contained the following spells:

 Spells                   Type           Power      Damage    Failure   Level
 Searing Ray              Conj           36%        2d5       4%          2
 Dazzling Flash           Conj/Hex       20%        N/A       21%         3
 Fulminant Prism          Conj/Hex       5%         3d7       56%         4
 Iskenderun's Mystic Bla  Conj/Tloc      10%        2d4       56%         4


Dungeon Overview and Level Annotations

Branches:
Dungeon (1/15)

Altars:


Innate Abilities, Weirdness & Mutations

You have a small tail.


Message History

There is an open door here.
You see here 2 stones.
A dart slug comes into view.
A dart slug is nearby!
The magic dart hits the dart slug.
The dart slug is moderately wounded.
The dart slug launches a dart at you. The slug dart misses you.
The magic dart hits the dart slug.
The dart slug is heavily wounded.
The magic dart hits the dart slug.
The dart slug is almost dead.
You are out of magic!
You are out of magic!
You are out of magic!
A dart slug is nearby!
The dart slug launches a dart at you. The slug dart misses you.
The dart slug launches a dart at you. The slug dart misses you.
You hit the dart slug.
You kill the dart slug!
No target in view!
No target in view!
Key pressed, stopping explore.
A kobold comes into view. It is wielding a +0 dagger.
A kobold is nearby!
A kobold is nearby!
The magic dart hits the kobold.
The kobold is heavily wounded.
The kobold shouts!
The magic dart hits the kobold.
You kill the kobold!
You have reached level 2!
Your demonic ancestry asserts itself...
You grow a small tail.
There is a stone staircase leading down here.
There is a large open door here.
There is a staircase leading out of the dungeon here.
You have escaped!

###..####..
≈≈≈≈§§###
##.......
§§≈≈≈≈≈≈##
#.###.>.
≈§≈#§§≈≈≈#
#.......
≈≈≈§≈≈≈≈########..
≈≈§≈≈#§≈# #..
####≈§≈≈≈#### #.#
#>.......'..# #.#
#@.§§....§..####.#
####≈§§§§#.......#
≈≈≈§≈≈#≈§#.#######
§§≈≈≈≈≈≈≈##.#
≈≈≈≈#§§§≈§##.#
≈§≈≈§§≈≈≈###.#
≈§≈§§§### #.#
####### #.# #..


There were no monsters in sight!

Vanquished Creatures
  2 dart slugs (D:1)
  2 kobolds (D:1)
4 creatures vanquished.

Notes
Turn   | Place    | Note
-------+----------+-------------------------------------------
     0 | D:1      | Essalna the Demonspawn Conjurer began the quest for the
                  | Orb.
     0 | D:1      | Reached XP level 1. HP: 13/13 MP: 3/3
   428 | D:1      | Gained mutation: You have a small tail. [demonic ancestry]
   428 | D:1      | Reached XP level 2. HP: 19/19 MP: 1/5
   482 | D:$      | Got out of the dungeon alive.

Illustrated notes

Levels and vault maps discovered:
D:1:      lightli_molten_gateway, layout_basic

Action                     || total
---------------------------++-------
  Melee: Short sword       ||     1
   Cast: Magic Dart        ||    10
  Dodge: Dodged            ||     5

Table legend: (Time is in decaauts)
 A = Elapsed time spent in this place.
 B = Non-inter-level travel time spent in this place.
 C = Inter-level travel time spent in this place.
 D = Time resting spent in this place.
 E = Time spent auto-exploring this place.
 F = Levels seen in this place.
 G = Mean time per level.
                   A        B        C        D        E       F      G
               +--------+--------+--------+--------+--------+-----+--------+
         Total |    481 |    428 |     53 |      0 |    375 |   1 |  481.0 |
       Dungeon |    481 |    428 |     53 |      0 |    375 |   1 |  481.0 |
               +--------+--------+--------+--------+--------+-----+--------+

Top non-repeatable levels by time:
     D:1: 481 daAuts
